federica, lawful female human Knight ----- ....)... -.....-- |..%...-- -.....| .....| .....| ....-- .....---- ......... ......-- - ....^.| --.. .....| --...s.. ....---.^...@. ---.........-- |.........| -------- federica the Bachelor Experience level: 8 Strength: 16 Dexterity: 8 Constitution: 12 Intelligence: 8 Wisdom: 14 Charisma: 18 Health: 0(58) Energy: 64(64) AC: 7 Gold: 34 Moves: 2692 Your Inventory: Coins $ - 34 gold pieces Weapons I - a blessed +1 long sword (weapon in hand) X - a [blessed +0] orcish dagger [of telepathy] Armor d - a blessed +0 helmet e - an uncursed +0 small shield f - an uncursed +0 pair of leather gloves (being worn) y - an uncursed +0 pair of high boots (being worn) z - an uncursed +0 ring mail Comestibles g - 8 uncursed apples h - 9 uncursed carrots Scrolls i - an uncursed scroll labeled LOREN IPSUM [of stinking cloud] t - an uncursed scroll labeled ETAOIN SHRDLU [of teleportation] T - an uncursed scroll labeled SODALG [of flood] Potions U - an uncursed amber potion [of gain ability] Tools n - an uncursed partly used [wax] candle o - a cursed brass lantern (0:143) Spells known in the end: Name Level Category Fail Memory Your skills at the end: Fighting Skills riding [Basic / Expert] Weapon Skills long sword [Basic / Expert] lance [Basic / Expert] Spellcasting Skills Final Attributes: You were piously aligned. Hunger level was 512. Your alignment was 23 / 23. Monster difficulty range was 1 - 7. Level difficulty was 7. You were telepathic. You could jump. You were fast. You were lucky (2). You are dead. Vanquished creatures: a large mimic 2 small mimics a warhorse 3 watchmen a lynx a gnome king a dog a dingo a housecat a human zombie a rope golem a soldier ant 2 Mordor orcs an enormous rat a fog cloud 6 gnome lords 3 gnomish wizards 2 elf zombies a little dog 2 floating eyes 3 dwarves a kobold shaman 17 hill orcs an iguana an acid blob 2 hobbits 42 gnomes 2 geckos 2 jackals a fox a goblin a sewer rat 2 grid bugs a lichen a kobold zombie 2 newts 113 creatures vanquished. Voluntary challenges: You used a wielded weapon 120 times. You read items or engraved 11 times. You put on armor 6 times. You never genocided any monsters. You never polymorphed an object. You never changed form. You used no wishes. You wrote Elbereth's name 8 times. You never encountered a bones level. You never used any Sokoban shortcuts. Dungeon overview: The Dungeons of Doom: levels 1 to 2 Level 1 a fountain a long staircase Level 2 a delicatessen stairs to The Gnomish Mines The Gnomish Mines: levels 3 to 7 Level 3 stairs to The Dungeons of Doom Level 6 many shops, a temple to Lugh, a magic chest, a fountain Level 7 <- You were here History has recorded: On T:1 you entered the Dungeons of Doom to retrieve the Amulet of Yendor! On T:32 you reached level 2 of The Dungeons of Doom. On T:484 you advanced to experience level 2. On T:539 you reached level 1 of The Gnomish Mines. On T:568 you advanced to experience level 3. On T:661 you advanced to experience level 4. On T:980 you advanced to experience level 5. On T:1065 you reached level 2 of The Gnomish Mines. On T:1072 you reached level 3 of The Gnomish Mines. On T:1163 you advanced to experience level 6. On T:1635 you reached level 4 of The Gnomish Mines. On T:2000 you advanced to experience level 7. On T:2048 you received Grayswandir from Lugh. On T:2551 you advanced to experience level 8. On T:2669 you reached level 5 of The Gnomish Mines. Latest messages: The gnome hits! [HP-4=22] You kill the gnome! You kill the gnome lord! You see here a gnome lord corpse. [HP+1=23] The brass lantern flickers for a moment, then dies. Your lamp is now on. [HP+1=24] Your lantern is getting dim. A board beneath you squeaks loudly. [HP+1=25] Click! You trigger a rolling boulder trap! Fortunately for you, no boulder was released. A gush of water hits you! Your brass lantern goes out! [HP+1=26] The giant spider bites! The giant spider's bite was poisoned! [HP-19=7] You hear a distant squeak. The giant spider bites! You die... Final status: Fare thee well federica the Knight... You died in The Gnomish Mines on dungeon level 7 with 3799 points, and 34 pieces of gold, after 2692 moves. You were level 8 with a maximum of 58 hit points when you died.